 Dungeon Crawl Stone Soup version 0.28-a0-657-g71136c5590 (webtiles) character file.

Game seed: 17422790974070463177

155 KoroneIsBestGirl the Shield-Bearer (level 5, -2/42 HPs)
             Began as a Formicid Fighter on Oct 14, 2021.
             Slain by a gnoll (5 damage)
             ... on level 2 of the Dungeon.
             The game lasted 00:03:43 (3431 turns).

KoroneIsBestGirl the Shield-Bearer (FoFi)           Turns: 3431, Time: 00:03:44

Health: -2/42      AC:  7    Str: 21    XL:     5   Next: 63%
Magic:  5/5        EV:  9    Int:  8    God:
Gold:   80         SH:  4    Dex: 10    Spells: 4/4 levels left

rFire   . . .      SeeInvis +   a - +0 long sword
rCold   . . .      Faith    .   c - +0 buckler
rNeg    . . .      Spirit   .   b - +0 scale mail
rPois   .          Reflect  .   (helmet unavailable)
rElec   .          Harm     .   (no cloak)
rCorr   .          Rampage  .   (no gloves)
Will    .....                   (no boots)
Stlth   ..........              j - amulet of magic regeneration
HPRegen 0.14/turn               (no ring)
MPRegen 0.34/turn               (no ring)

@: mighty, lethally poisoned (-2 -> -15)
A: permanent stasis, dig shafts and tunnels, antennae 3, four strong arms
a: Dig, Shaft Self


You were on level 2 of the Dungeon.
You visited 1 branch of the dungeon, and saw 3 of its levels.

You collected 80 gold pieces.

Inventory:

Hand Weapons
 a - a +0 long sword (weapon)
Armour
 b - a +0 scale mail (worn)
 c - a +0 buckler (worn)
Jewellery
 i - an amulet of faith
 j - an amulet of magic regeneration (around neck)
 k - a ring of fire
Scrolls
 e - 4 scrolls of identify {unknown}
 f - a scroll of teleportation {unknown}
 g - a scroll of noise {unknown}
 h - a scroll of torment {unknown}
Potions
 l - a potion of resistance {unknown}
 m - a potion of curing {unknown}


   Skills:
 + Level 4.3 Fighting
 + Level 3.1 Long Blades
 + Level 4.2 Armour
 + Level 4.7 Shields


You had 4 spell levels left.
You didn't know any spells.
Your spell library contained the following spells:

 Spells                   Type           Power      Damage    Failure   Level
 Ensorcelled Hibernation  Hex/Ice        0%         N/A       86%         2
 Sublimation of Blood     Necr           0%         N/A       86%         2
 Wereblood                Tmut           0%         N/A       86%         2
 Tukima's Dance           Hex            0%         N/A       98%         3
 Summon Hydra             Summ           0%         N/A       100%        7


Dungeon Overview and Level Annotations

Branches:
Dungeon (3/15)

Altars:

Shops:
D:2 [


Innate Abilities, Weirdness & Mutations

You cannot be hasted, slowed, berserked, paralysed or teleported.
You can dig through walls and to a lower floor.
You have a pair of large antennae on your head. (SInv)
Your four strong arms can wield two-handed weapons with a shield.


Message History

e - 4 scrolls labelled HILIPA EQASM (gained 1)
Items here: ( )) ††.
You sense a monster nearby.
What are your orders? t - Shout!
Orders for allies: a - Attack new target. r - Retreat! s - Stop attacking. g - Guard the area. f - Follow me.
Anything else - Cancel.
You shout for attention!
You hear a shout! x2
Items here: ( )) ††.
There is a stone staircase leading up here.
The gnoll barely misses you.
The gnoll hits you from afar with a +0 spear of venom.
You are poisoned.
You feel sick.
The gnoll shouts!
The gnoll hits you from afar with a +0 spear of venom.
You are more poisoned.
You feel very sick.
You feel very sick. You block the gnoll's attack.
You feel very sick.
The gnoll hits you with a +0 spear of venom.
You feel very sick. You block the gnoll's attack.
There is a stone staircase leading up here.
You feel sick. The gnoll completely misses you.
You climb upwards.
You feel sick.
There is a stone staircase leading down here.
You feel very mighty all of a sudden.
You feel sick.
The gnoll hits you with a +0 spear of venom.
* * * LOW HITPOINT WARNING * * *
You are lethally poisoned!
You barely miss the gnoll.
* * * LOW HITPOINT WARNING * * *
You feel very sick.
The gnoll hits you with a +0 spear of venom.
You die...

### #...........).....#
..######.##.#.#........#####
............#.#............#
..###.##.........##..#.##.##
.......##...#..............#
#.#.#................#.##.##
........#...............#.##
#.#........................#
................@.......####
...............g........#
##....................#.#
##................#<..#.#
##....................#.#
+.......#.##............#
#.....................#[#
......#...##..........#.#
...#..#.................#


You could see a gnoll.

Vanquished Creatures
  Natasha (thrice) (D:3)
  2 adders (D:3)
  A worm (D:3)
  A dart slug (D:1)
  4 endoplasms
  2 giant cockroaches
  3 goblins
  4 hobgoblins
  10 jackals
  5 quokkas
  4 ball pythons
  4 bats
  4 frilled lizards
  4 kobolds
  3 rats
54 creatures vanquished.

Notes
Turn   | Place    | Note
-------+----------+-------------------------------------------
     0 | D:1      | KoroneIsBestGirl the Formicid Fighter began the quest for
                  | the Orb.
     0 | D:1      | Reached XP level 1. HP: 18/18 MP: 1/1
   133 | D:1      | Reached XP level 2. HP: 14/24 MP: 2/2
   581 | D:1      | Reached XP level 3. HP: 12/29 MP: 3/3
   968 | D:1      | Found a faded altar of an unknown god.
  1360 | D:2      | Found Oxo Itt's Antique Armour Boutique.
  1588 | D:2      | Reached XP level 4. HP: 37/37 MP: 4/4
  1999 | D:3      | Noticed Natasha
  2005 | D:3      | Killed Natasha
  2006 | D:3      | Noticed Natasha
  2025 | D:3      | Killed Natasha
  2026 | D:3      | Reached XP level 5. HP: 5/42 MP: 5/5
  2033 | D:3      | Noticed Natasha
  2603 | D:3      | Killed Natasha
  3431 | D:2      | Slain by a gnoll

Illustrated notes

Levels and vault maps discovered:
D:1:      amcnicky_arrival_double_pillar, layout_loops_ring,
          basic_ecumenical_altar
D:2:      layout_basic, serial_shops, nicolae_shop_waterfront,
          minmay_misc_feat_hallway
D:3:      layout_loops_ring, uniq_natasha

Skill      XL: |  1  2  3  4 |
---------------+-------------+-----
Shields        | 4 |  4.7
Fighting       | 4 |  4.3
Armour         | 4 |  4.2
Long Blades    | 3 |  3.1

Action                   |  1- 3 |  4- 6 || total
-------------------------+-------+-------++-------
Melee: Long sword        |   119 |    98 ||   217
 Abil: Dig               |     1 |       ||     1
  Use: Potion            |       |     1 ||     1
Armor: Scale mail        |    82 |    44 ||   126
Dodge: Dodged            |    71 |    46 ||   117
Block: Buckler           |    39 |    20 ||    59

Table legend: (Time is in decaauts)
 A = Elapsed time spent in this place.
 B = Non-inter-level travel time spent in this place.
 C = Inter-level travel time spent in this place.
 D = Time resting spent in this place.
 E = Time spent auto-exploring this place.
 F = Levels seen in this place.
 G = Mean time per level.
                   A        B        C        D        E       F      G
               +--------+--------+--------+--------+--------+-----+--------+
         Total |   3495 |   3441 |     54 |   1045 |   1859 |   3 | 1165.0 |
       Dungeon |   3495 |   3441 |     54 |   1045 |   1859 |   3 | 1165.0 |
               +--------+--------+--------+--------+--------+-----+--------+

Top non-repeatable levels by time:
     D:2: 1701 daAuts
     D:1: 1267 daAuts
     D:3: 526 daAuts
